 Dungeon Crawl Stone Soup version 0.22.0 (webtiles) character file.

968 KnightedAnt the Skirmisher (level 8, 0/62 HPs)
             Began as a Formicid Abyssal Knight on Oct 29, 2018.
             Was a Priest of Lugonu.
             Slain by a centaur zombie (3 damage)
             ... on level 6 of the Dungeon.
             The game lasted 00:17:20 (9034 turns).

KnightedAnt the Skirmisher (FoAK)                   Turns: 9034, Time: 00:17:21

Health: 0/62       AC: 10    Str: 19    XL:     8   Next: 38%
Magic:  11/11      EV:  8    Int: 12    God:    Lugonu [***...]
Gold:   268        SH:  6    Dex: 10    Spells: 7/7 levels left

rFire    . . .     SeeInvis +   a - +1 mace
rCold    . . .     Gourm    .   r - +2 buckler
rNeg     . . .     Faith    .   q - +1 chain mail
rPois    .         Spirit   .   (helmet unavailable)
rElec    .         Reflect  .   u - -1 cloak (curse)
rCorr    .         Harm     .   (no gloves)
MR       .....                  (no boots)
Stlth    ..........             (no amulet)
HPRegen  0.20/turn              (no ring)
MPRegen  0.12/turn              (no ring)

@: no status effects
A: permanent stasis, dig shafts and tunnels, four strong arms, antennae 3
a: Dig, Shaft Self, Depart the Abyss, Bend Space, Banish, Renounce Religion


You were on level 6 of the Dungeon.
You worshipped Lugonu.
Lugonu was most pleased with you.
You were not hungry.

You visited 1 branch of the dungeon, and saw 6 of its levels.
You visited the Abyss 1 time.

You collected 268 gold pieces.

Inventory:

Hand Weapons
 a - a +1 mace (weapon)
Missiles
 f - 156 stones (quivered)
 l - 14 sling bullets
 v - a throwing net
Armour
 q - a +1 chain mail (worn)
 r - a +2 buckler (worn)
 u - a cursed -1 cloak (worn)
 x - a +0 plate armour
Wands
 w - a wand of polymorph (3)
Scrolls
 d - a scroll of magic mapping
 h - 4 scrolls of teleportation
 j - 2 scrolls of enchant armour
 o - 2 scrolls of amnesia
 t - 3 scrolls of identify
Potions
 e - 2 potions of agility {unknown}
 g - 2 potions of curing
 i - a potion of might {unknown}
 k - a potion of ambrosia {unknown}
 m - 2 potions of flight {unknown}
 n - 2 potions of degeneration {unknown}
 p - a potion of heal wounds {unknown}
 s - a potion of berserk rage {unknown}
Comestibles
 c - 7 rations


   Skills:
 + Level 5.3 Fighting
 + Level 4.1 Maces & Flails
 + Level 4.7 Armour
 - Level 3.2 Dodging
 + Level 4.1 Shields
 + Level 4.8 Invocations


You had 7 spell levels left.
You didn't know any spells.
Your spell library was empty.

Dungeon Overview and Level Annotations

Branches:
Dungeon (6/15)
 Temple: D:4-7

Altars:
Elyvilon
Nemelex Xobeh

Annotations:
D:5 Prince Ribbit
D:6 1 runed door


Innate Abilities, Weirdness & Mutations

You cannot be hasted, slowed, berserked, paralysed or teleported.
You can dig through walls and to a lower floor.
Your four strong arms can wield two-handed weapons with a shield.
You have a pair of large antennae on your head. (SInv)


Message History

You are too injured to fight recklessly!
You are too injured to fight recklessly!
You are too injured to fight recklessly!
You are too injured to fight recklessly!
You are too injured to fight recklessly!
Your chain mail prevents you from hitting the ogre.
The ogre is almost dead.
The centaur zombie barely misses you. The ogre hits you with a giant club!
* * * LOW HITPOINT WARNING * * *
The centaur zombie hits you but does no damage.
Your chain mail prevents you from hitting the ogre.
The ogre is almost dead.
You block the ogre's attack. The centaur zombie barely misses you.
You barely miss the ogre.
The ogre is almost dead.
The centaur zombie hits you but does no damage.
The ogre hits you with a giant club!
* * * LOW HITPOINT WARNING * * *
The centaur zombie hits you.
You die...

..#...#...............#
..#...#...............#
.##...###...##.########
.##...###...#####....##.
........#.....%........
........#............#
........#............#
.##....#########.O...#
.########...####@Z...#
..#....'.............#
..#....#.............+
..#....#.............# ....
+#####'###....###############....
.........#######.................
.........# #......<..........
.........# {+.................
.........# #.................


You could see an ogre and a centaur zombie.

Vanquished Creatures
  2 ogres
  Blork the orc (D:6)
  A bullfrog (D:5)
  A water moccasin skeleton (D:6)
  A scorpion (D:5)
  A jelly (D:5)
  2 bullfrog skeletons
  A hound (D:4)
  3 orc wizards (D:3)
  2 worker ants
  A hound zombie (D:6)
  6 gnolls
  7 adders
  2 shadow imps (D:5)
  An ooze (D:3)
  An adder skeleton (D:6)
  5 dart slugs
  6 leopard geckos
  28 orcs
  8 bats
  3 giant cockroaches
  12 goblins
  8 hobgoblins
  10 jackals
  5 quokkas
  A ball python (D:3)
  4 frilled lizards
  9 kobolds
  A quokka skeleton (D:4)
  8 rats
141 creatures vanquished.

Notes
Turn   | Place    | Note
-------+----------+-------------------------------------------
     0 | Abyss:1  | KnightedAnt the Formicid Abyssal Knight began the quest for the Orb.
     0 | Abyss:1  | Reached XP level 1. HP: 18/18 MP: 2/2
    29 | Abyss:1  | Noticed a jelly
    32 | Abyss:1  | Noticed a thrashing horror
    38 | Abyss:1  | Noticed a smoke demon
    40 | D:1      | Escaped the Abyss
   127 | D:1      | Reached skill level 1 in Dodging
   133 | D:1      | Reached XP level 2. HP: 21/24 MP: 3/3
   145 | D:1      | Reached * piety under Lugonu
   559 | D:1      | Reached XP level 3. HP: 18/29 MP: 4/4
  1320 | D:2      | Reached XP level 4. HP: 27/36 MP: 6/6
  1420 | D:2      | Reached skill level 1 in Shields
  1534 | D:2      | Found a sparkling altar of Nemelex Xobeh.
  2570 | D:2      | Reached XP level 5. HP: 37/42 MP: 7/7
  2641 | D:3      | Reached ** piety under Lugonu
  2872 | D:3      | HP: 2/42 [poisoned by an adder]
  3392 | D:3      | Reached skill level 4 in Fighting
  3736 | D:3      | Reached XP level 6. HP: 48/48 MP: 8/8
  5116 | D:4      | Reached XP level 7. HP: 44/55 MP: 9/9
  5122 | D:4      | Reached *** piety under Lugonu
  5665 | D:5      | Entered Level 5 of the Dungeon
  5681 | D:5      | Found a white marble altar of Elyvilon.
  6472 | D:5      | Noticed a two-headed ogre
  7475 | D:6      | Reached XP level 8. HP: 37/61 MP: 11/11
  7793 | D:6      | Noticed Blork the orc
  7823 | D:6      | Killed Blork the orc
  7823 | D:6      | Reached skill level 5 in Fighting
  7862 | D:6      | Found a runed door.
  8247 | D:6      | Noticed Prince Ribbit
  9034 | D:6      | HP: 3/62 [ogre/giant club (13)]
  9034 | D:6      | Slain by a centaur zombie

Skill      XL: |  1  2  3  4  5  6  7  8 |
---------------+-------------------------+-----
Dodging        | 1 2 3 |  3.2
Shields        | 1 2 3 4 |  4.1
Invocations    | 3 4 |  4.8
Armour         | 3 4 |  4.7
Fighting       | 4 5 |  5.3
Maces & Flails | 3 4 |  4.1

Action                   |  1- 3 |  4- 6 |  7- 9 || total
-------------------------+-------+-------+-------++-------
Melee: Mace              |    97 |   336 |   216 ||   649
       Unarmed           |       |       |     2 ||     2
Invok: Depart the Abyss  |     1 |       |       ||     1
 Abil: Dig               |       |     2 |     2 ||     4
  Use: Scroll            |       |     5 |     3 ||     8
  Eat: Chunk             |     1 |    13 |     9 ||    23
       Ration            |       |       |     2 ||     2
Armor: Leather armour    |    25 |    24 |       ||    49
       Chain mail        |       |   100 |   113 ||   213
       Skin              |       |       |    10 ||    10
Dodge: Dodged            |    57 |   177 |    92 ||   326
Block: Buckler           |    12 |    68 |    71 ||   151
